 Dungeon Crawl Stone Soup version 0.21-a0-274-gc1afaeb (webtiles) character file.

200 motkurip the Poker (level 5, -1/38 HPs)
             Began as a Merfolk Skald on Sept 19, 2017.
             Was a Follower of Uskayaw.
             Slain by an orc wizard
             ... wielding a +0 dagger
              (3 damage)
             ... on level 7 of the Dungeon.
             The game lasted 00:10:40 (2133 turns).

motkurip the Poker (Merfolk Skald)                  Turns: 2133, Time: 00:10:41

Health: -1/38      AC:  3    Str: 12    XL:     5   Next: 79%
Magic:  3/8        EV: 12    Int: 12    God:    Uskayaw [*.....]
Gold:   143        SH:  0    Dex: 14    Spells: 2/8 levels left

rFire    + . .     SeeInvis .   k - +0 trident
rCold    + . .     Gourm    .   (no shield)
rNeg     . . .     Faith    .   p - +0 leather armour (curse)
rPois    +         Spirit   .   (no helmet)
rElec    +         Reflect  .   (no cloak)
rCorr    +         Harm     .   (no gloves)
MR       .....                  (no boots)
Stlth    +.........             (no amulet)
HPRegen  0.12/turn              (no ring)
MPRegen  0.11/turn              (no ring)

@: resistant, flying
A: change form in water, swift swim, stealthy swim
a: Stomp, Renounce Religion


You were on level 7 of the Dungeon.
You worshipped Uskayaw.
Uskayaw was noncommittal.
You were very hungry.

You visited 2 branches of the dungeon, and saw 6 of its levels.

You collected 143 gold pieces.

Inventory:

Hand Weapons
 a - a +0 spear
 k - a +0 trident (weapon)
Armour
 b - a +0 leather armour
 n - a +0 robe
 p - a cursed +0 leather armour (worn)
Wands
 f - a wand of digging (11/24)
 v - a wand of confusion (42/48)
Scrolls
 e - a scroll of immolation {unknown}
 g - a scroll of fog {unknown}
 h - 2 scrolls of enchant armour
 i - a scroll of remove curse {unknown}
 j - 2 scrolls of amnesia
 m - 2 scrolls of teleportation
 o - a scroll of noise {unknown}
 q - a scroll of magic mapping {unknown}
 u - a scroll of enchant weapon {unknown}
Books
 c - a book of Battle

   Spells                             Type                      Level
   a - Infusion                       Charms                       1
   b - Shroud of Golubria             Charms/Translocation         2
   c - Song of Slaying                Charms                       2
   d - Spectral Weapon                Hexes/Charms                 3
   e - Regeneration                   Charms/Necromancy            3
Comestibles
 d - a bread ration
 l - a chunk of flesh


   Skills:
 - Level 2.1 Fighting
 - Level 6.0 Polearms
 - Level 0.6 Armour
 - Level 2.6 Dodging
 - Level 2.0 Spellcasting
 + Level 2.4 Hexes
 + Level 4.6 Charms


You had 2 spell levels left.
You knew the following spells:

 Your Spells              Type           Power        Failure   Level  Hunger
a - Infusion              Chrm           ##..         5%          1    ##.....
b - Shroud of Golubria    Chrm/Tloc      #.........   21%         2    ###....
c - Spectral Weapon       Hex/Chrm       #.......     24%         3    ####...


Dungeon Overview and Level Annotations

Branches:
Dungeon (7/15)             Temple (1/1) D:7

Altars:
Ashenzari
Cheibriados
Dithmenos
Fedhas
Gozag
Hepliaklqana
Kikubaaqudgha
Makhleb
Nemelex Xobeh
Okawaru
Qazlal
Sif Muna
Trog
Uskayaw
Wu Jian
Xom
The Shining One

Shops:
D:4 (


Message History

* * * LOW HITPOINT WARNING * * *
It was a potion of flight.
You feel very buoyant.
You fly up into the air.
You hear some strange, mumbled words.
Something tries to affect you, but you resist.
It was a potion of curing.
You feel better. Something hits you.
* * * LOW HITPOINT WARNING * * *
You barely miss something. Something barely misses you.
You hit something but do no damage.
You hear some strange, mumbled words.
A puff of flame appears from out of thin air!
The puff of flame hits you!
* * * LOW HITPOINT WARNING * * *
You miss something. Something hits you but does no damage.
It was a potion of resistance.
You feel protected. Something hits you but does no damage.
You hit something. Something hits you.
You die...

###### #...# #. #....#
#...# #.
#....###...############.
#......'..............'.
#....###...############.
#....# ##### ## #....#
#########
##'#######.......#######
#>....@{'......o'..o...
#########......8>8#####
#.............#
#.............#
#.........#'#.#
#.....#####.###
#....##........
######..####### #_..##
_._#


There were no monsters in sight!

Vanquished Creatures
  A bullfrog (D:7)
  A worker ant (D:4)
  A hound zombie (D:7)
  2 adders
  3 oozes
  A worm (D:3)
  A dart slug (D:1)
  2 leopard geckos
  4 orcs (D:7)
  2 ball pythons
  5 bats
  5 giant cockroaches
  6 goblins
  3 hobgoblins
  A quokka (D:2)
  A frilled lizard (D:1)
  7 kobolds
  A leopard gecko skeleton (D:4)
  10 rats
57 creatures vanquished.

Notes
Turn   | Place    | Note
-------+----------+-------------------------------------------
     0 | D:1      | motkurip the Merfolk Skald began the quest for the Orb.
     0 | D:1      | Reached XP level 1. HP: 16/16 MP: 3/3
    88 | D:1      | Reached skill level 4 in Polearms
    88 | D:1      | Reached XP level 2. HP: 18/22 MP: 3/5
    94 | D:1      | Learned a level 2 spell: Shroud of Golubria
   345 | D:1      | Reached skill level 5 in Polearms
   345 | D:1      | Reached XP level 3. HP: 25/27 MP: 6/6
   502 | D:2      | Learned a level 3 spell: Spectral Weapon
   622 | D:2      | Reached skill level 6 in Polearms
   957 | D:2      | Reached XP level 4. HP: 28/33 MP: 7/7
  1432 | D:3      | Reached skill level 1 in Hexes
  1664 | D:4      | Found Ybulueh's Weapon Shop.
  1809 | D:4      | You fall through a shaft for 3 floors!
  1891 | D:7      | Noticed a bullfrog
  1910 | D:7      | Killed a bullfrog
  1910 | D:7      | Reached XP level 5. HP: 15/38 MP: 3/8
  1973 | D:7      | Found a staircase to the Ecumenical Temple.
  1982 | Temple   | Entered the Ecumenical Temple
  2037 | Temple   | Became a worshipper of Uskayaw the Reveler
  2053 | D:7      | Found an ancient bone altar of Kikubaaqudgha.
  2053 | D:7      | Found a hazy altar of Hepliaklqana.
  2060 | D:7      | Found an opulent altar of Gozag.
  2062 | D:7      | Found a stormy altar of Qazlal.
  2063 | D:7      | Found a sparkling altar of Nemelex Xobeh.
  2090 | D:7      | Reached * piety under Uskayaw
  2130 | D:7      | HP: 1/38 [something/puff of flame (9)]
  2133 | D:7      | Slain by an orc wizard

Vault maps used:
D:1:      dpeg_arrival_arbitrary_b
D:2:      zin_scriptorium
D:4:      serial_shops, shop, nicolae_shop_temple_entry_statues_fountains, shop,
          shop, shop, first_bread, nicolae_tso_carved_into_rock
D:7:      old_standard_altar, chequers_temple_overflow_minitemple,
          temple_statues
Temple:   nicolae_temple_hex_pool

Skill      XL: |  1  2  3  4 |
---------------+-------------+-----
Polearms       | 4 5 6 |  6.0
Hexes          | 2 |  2.4
Charms         | 4 |  4.6
Fighting       | |  2.1
Armour         | |  0.6
Dodging        | |  2.6
Spellcasting   | |  2.0

Action                   |  1- 3 |  4- 6 || total
-------------------------+-------+-------++-------
Melee: Spear             |   122 |    68 ||   190
       Trident           |       |    34 ||    34
 Cast: Infusion          |     4 |     6 ||    10
       Shroud of Golubri |     4 |     6 ||    10
       Spectral Weapon   |       |     3 ||     3
  Use: Scroll            |       |     5 ||     5
       Potion            |       |     6 ||     6
 Stab: Sleeping          |       |     1 ||     1
  Eat: Royal jelly       |       |     2 ||     2
       Chunk             |       |     1 ||     1
Armor: Leather armour    |    16 |    19 ||    35
Dodge: Dodged            |    44 |    51 ||    95

Table legend:
 A = Spawn XP
 B = Non-spawn XP
 C = Spawn XP percentage of total XP
 D = Spawn monster count
 E = Non-spawn monster count
 F = Spawn count percentage of total count
 G = Total turns spent on level
                    A         B        C        D         E        F      G
               +---------+---------+-------+---------+---------+-------+---------
         Total |       0 |     287 |   0.0 |       0 |      57 |   0.0 |  2133
               +---------+---------+-------+---------+---------+-------+---------
           D:1 |       0 |      45 |   0.0 |       0 |      27 |   0.0 |   489
           D:2 |       0 |      38 |   0.0 |       0 |      12 |   0.0 |   526
           D:3 |       0 |      45 |   0.0 |       0 |      10 |   0.0 |   649
           D:4 |       0 |      33 |   0.0 |       0 |       2 |   0.0 |   145
           D:7 |       0 |     126 |   0.0 |       0 |       6 |   0.0 |   258
               +---------+---------+-------+---------+---------+-------+---------
